 Dungeon Crawl Stone Soup version 0.19-a0-1740-g0bcaf2e (webtiles) character file.

728 Amnesiac the Basher (level 7, -3/76 HPs)
             Began as an Ogre Monk on Oct 1, 2016.
             Slain by a slave (7 damage)
             ... led by Pikel
             ... on level 6 of the Dungeon.
             The game lasted 00:06:04 (3791 turns).

Amnesiac the Basher (Ogre Monk)                     Turns: 3791, Time: 00:06:05

Health: -3/76      AC:  3    Str: 17    XL:     7   Next: 72%
Magic:  7/7        EV: 12    Int:  9    God:
Gold:   135        SH:  0    Dex: 14    Spells: 0 memorised, 6 levels left

rFire  . . .     SeeInvis .     j - +0 flail
rCold  . . .     Gourm    .     b - +0 robe
rNeg   . . .     Faith    .     (no shield)
rPois  .         Spirit   .     (helmet restricted)
rElec  .         Dismiss  .     (no cloak)
rCorr  .         Reflect  .     (gloves unavailable)
MR     .....     Harm     .     (boots unavailable)
Stlth  ++........               (no amulet)
                                (no ring)
                                (no ring)

@: no status effects
A: unfitting armour, tough skin 1
a: no special abilities


You were on level 6 of the Dungeon.
You were not hungry.

You visited 1 branch of the dungeon, and saw 9 of its levels.

You collected 135 gold pieces.

Inventory:

Hand Weapons
 j - a +0 flail (weapon)
Armour
 b - a +0 robe (worn)
Wands
 a - a wand of disintegration (8/24)
 e - a wand of iceblast (0/15)
Scrolls
 d - a scroll of fog {unknown}
 f - a scroll of remove curse
 g - a scroll of blinking
Comestibles
 c - a beef jerky
 h - 2 meat rations
 i - a chunk of flesh


   Skills:
 + Level 6.6 Fighting
 * Level 8.8 Maces & Flails
 + Level 4.5 Dodging
 - Level 1.5 Stealth


You had 6 spell levels left.
You didn't know any spells.

Dungeon Overview and Level Annotations

Branches:
Dungeon (9/15)               Lair (0/6) D:8
 Temple: D:4-7          Orc: D:9-12

Altars:
Kikubaaqudgha

Annotations:
D:4 Menkaure
D:8 Erica, Grum


Innate Abilities, Weirdness & Mutations

You are too large for most types of armour.
You have tough skin. (AC +1)


Message History

There is an open door here.
Evoke which item? (* to show all) (? for menu, Esc to quit)
Zapping:
a - a wand of disintegration (9/24)
Press: ? - help, Shift-Dir - straight line, f - slave
Aim: a slave, wearing an animal skin (lightly wounded, chance to defeat MR: 65%)
The slave struggles to resist.
This wand has 8 charges left.
Unknown command.
A centaur comes into view.
Evoke which item? (* to show all) (? for menu, Esc to quit)
Okay, then.
Okay, then.
The centaur shouts!
The slave hits you!
* * * LOW HITPOINT WARNING * * *
The centaur wields a shortbow.
The centaur shoots an arrow.
The arrow hits you.
* * * LOW HITPOINT WARNING * * *
The slave barely misses you. The slave hits you!
* * * LOW HITPOINT WARNING * * *
The slave hits you!
You die...

#...#......######...#######
#..(#....c.#....#.....'....
#...#......#....#.....#....
#......#....#.....#....
#......#...##.....#####
#......#...##.....## .
#.....p#....'......# ..
#.....p'....#......# ..
#.....@#....#......# ..
#......#...##.##..## ##
#......######.##..# #
#......# ... .... ..
#......# ... .......
#......# ... ... #......#
#......# #......#


You could see 2 slaves and a centaur.

Vanquished Creatures
  A slave (D:6)
  An ice beast (D:7)
  A wasp (D:7)
  A phantom (D:9)
  A centaur (D:8)
  A bullfrog (D:7)
  A scorpion (D:9)
  2 howler monkeys
  A hound (D:9)
  3 orc wizards
  A hound skeleton (D:4)
  An adder (D:2)
  An ooze (D:3)
  A worm (D:4)
  2 leopard geckos
  13 orcs
  2 ball pythons
  3 bats
  A goblin (D:2)
  A hobgoblin (D:3)
  A quokka (D:6)
  3 frilled lizards
  A kobold (D:3)
  A quokka skeleton (D:4)
  2 rats (D:3)
47 creatures vanquished.

Vanquished Creatures (others)
  A human (D:4)
  A plant (D:9)
2 creatures vanquished.

Grand Total: 49 creatures vanquished

Notes
Turn   | Place    | Note
-------+----------+-------------------------------------------
     0 | D:1      | Amnesiac the Ogre Monk began the quest for the Orb.
     0 | D:1      | Reached XP level 1. HP: 24/24 MP: 1/1
    92 | D:2      | Reached XP level 2. HP: 27/33 MP: 2/2
   416 | D:3      | Reached XP level 3. HP: 39/40 MP: 3/3
   455 | D:3      | Reached skill level 5 in Maces & Flails
   471 | D:3      | Reached XP level 4. HP: 23/49 MP: 4/4
   832 | D:4      | Noticed an ogre
   895 | D:4      | Noticed Menkaure
  1314 | D:4      | Found an ancient bone altar of Kikubaaqudgha.
  1319 | D:4      | Noticed a human
  1321 | D:4      | Killed a human
  1775 | D:5      | Entered Level 5 of the Dungeon
  1791 | D:5      | HP: 1/49 [orc (2)]
  1793 | D:5      | You fall through a shaft for 3 floors!
  2034 | D:8      | Noticed Grum
  2036 | D:8      | Noticed a wolf
  2084 | D:8      | Noticed a two-headed ogre
  2085 | D:8      | Noticed Erica
  2085 | D:8      | Noticed a bullfrog
  2097 | D:9      | Reached skill level 5 in Fighting
  2097 | D:9      | Reached skill level 6 in Maces & Flails
  2097 | D:9      | Reached XP level 5. HP: 23/57 MP: 5/5
  2586 | D:8      | Reached XP level 6. HP: 61/66 MP: 6/6
  2601 | D:8      | Noticed a phantom
  2604 | D:8      | Reached skill level 7 in Maces & Flails
  2792 | D:9      | Killed a phantom
  2925 | D:8      | Reached XP level 7. HP: 40/75 MP: 7/7
  3110 | D:8      | Found a staircase to the Lair.
  3131 | D:7      | Reached skill level 8 in Maces & Flails
  3791 | D:6      | Slain by a slave

Vault maps used:
D:1:      mrwooster_arrival_statue
D:2:      grunt_ministairs_1
D:3:      xom_teletrap_fun
D:4:      first_bread, tgw_kikubaaqudgha, uniq_menkaure
D:5:      gup_sewer_entry_pipe, kennysheep_generic_room_2, uniq_edmund,
          uniq_grinder, uniq_sigmund
D:6:      uniq_pikel, uniq_duvessa
D:8:      lair_0_dummy, uniq_grum, uniq_erica
D:9:      hangedman_ranch

Skill      XL: |  1  2  3  4  5  6  7 |
---------------+----------------------+-----
Maces & Flails | 5 6 7 8 |  8.8
Dodging        | 3 4 |  4.5
Fighting       | 5 6 |  6.6
Stealth        | |  1.5

Action                   |  1- 3 |  4- 6 |  7- 9 || total
-------------------------+-------+-------+-------++-------
Melee: Mace              |    55 |    45 |       ||   100
       Flail             |       |    84 |    73 ||   157
Evoke: Wand              |       |     3 |     3 ||     6
  Use: Scroll            |     1 |     5 |     2 ||     8
       Potion            |       |     1 |       ||     1
 Stab: Sleeping          |       |       |     1 ||     1
  Eat: Chunk             |       |     2 |     3 ||     5
       Bread ration      |       |     1 |       ||     1
Armor: Robe              |    15 |    18 |    10 ||    43
Dodge: Dodged            |    32 |    63 |    43 ||   138
